 Dungeon Crawl Stone Soup version 0.28-a0-1184-g53156a8862 (webtiles) character file.

Game seed: 12117425534928316917

3673 ytrimaz the Martial Artist (level 10, -5/78 (82) HPs)
             Began as an Octopode Transmuter on Dec 17, 2021.
             Was a Follower of Ashenzari.
             Slain by a wight (16 damage)
             ... on level 8 of the Dungeon.
             The game lasted 00:10:25 (12175 turns).

ytrimaz the Martial Artist (Octopode Transmuter)   Turns: 12175, Time: 00:10:26

HP:   -5/78 (82)    AC:  9    Str: 11    XL:     10   Next: 13%
MP:   20/21         EV: 10    Int: 25    God:    Ashenzari [*.....]
Gold: 525           SH:  0    Dex: 12    Spells: 9/24 levels left

rFire   x . .      SeeInvis .     - Unarmed
rCold   + + +      Faith    .   (shield currently unavailable)
rNeg    . . .      Spirit   .   (helmet currently unavailable)
rPois   +          Reflect  .   (no amulet)
rElec   .          Harm     .   a - ring of Cremastomancy {Wiz, Alch, Cun} (curse)
rCorr   .          Rampage  .   i - ring of the Lashed Urgency {Int+6, Bglg, Self} (curse)
Will    .....                   (no ring)
Stlth   +.........              (no ring)
HPRegen 0.23/turn               (no ring)
MPRegen 0.17/turn               (no ring)
                                (no ring)
                                (no ring)

@: ice-form, drained
A: freezing attack, boosted hp, almost no armour, amphibious, 8 rings, large,
(camouflage 1), (gelatinous body 1), (nimble swimmer 1), (tentacles)
a: End Transformation, Renounce Religion, Shatter the Chains


You were on level 8 of the Dungeon.
You worshipped Ashenzari.
Ashenzari was aware of your devotion.
You were a creature of crystalline ice.
You visited 2 branches of the dungeon, and saw 9 of its levels.

You collected 525 gold pieces.

Inventory:

Armour
 c - a +2 hat (melded)
Jewellery
 a - the cursed ring of Cremastomancy (left front paw) {Wiz, Alch, Cun}
   (You found it on level 1 of the Dungeon)

   [ring of wizardry]

   It improves your spell success rate.
   It has a curse which improves the following skills: Alchemy: Poison Magic and
   Transmutations.
   Cunning:   Dodging and Stealth.
 i - the cursed ring of the Lashed Urgency (right front paw) {Int+6, Bglg, Self}
   (You found it on level 3 of the Dungeon)

   [ring of intelligence]

   Int:       It affects your intelligence (+6).
   It has a curse which improves the following skills: Beguiling: Conjurations,
   Hexes and Translocations.
   Introspection: Fighting and Spellcasting.
Scrolls
 d - 2 scrolls of teleportation
 f - a scroll of enchant weapon
 g - 2 scrolls of fog
 j - 4 scrolls of immolation
 l - a scroll of identify
 o - a scroll of silence
Potions
 b - a potion of magic
 e - 2 potions of attraction
 k - a potion of flight
 n - 2 potions of mutation


   Skills:
 * Level 5.5(6.5) Fighting
 - Level 2.0(2.8) Dodging
 + Level 8.5 Unarmed Combat
 * Level 6.9(7.9) Spellcasting
 * Level 6.6(7.7) Transmutations
 + Level 2.3 Ice Magic
 + Level 3.1(4.0) Poison Magic


You had 9 spell levels left.
You knew the following spells:

 Your Spells              Type           Power      Damage    Failure   Level
a - Spider Form           Tmut/Pois      39%        N/A       1%          3
b - Wereblood             Tmut           48%        N/A       1%          2
c - Ice Form              Ice/Tmut       35%        N/A       3%          4
d - Blade Hands           Tmut           24%        N/A       2%          5
e - Beastly Appendage     Tmut           96%        N/A       1%          1

Your spell library contained the following spells:

 Spells                   Type           Power      Damage    Failure   Level
 Summon Small Mammal      Summ           36%        N/A       2%          1
 Gell's Gravitas          Tloc           10%        N/A       7%          3
 Lesser Beckoning         Tloc           10%        N/A       7%          3
 Portal Projectile        Hex/Tloc       20%        N/A       7%          3
 Teleport Other           Tloc           10%        N/A       7%          3
 Call Canine Familiar     Summ           9%         N/A       8%          3
 Summon Guardian Golem    Hex/Summ       10%        N/A       8%          3
 Excruciating Wounds      Necr           4%         N/A       52%         5


Dungeon Overview and Level Annotations

Branches:
Dungeon (8/15)             Temple (1/1) D:5
   Lair: D:8-11

Altars:
Ashenzari
Cheibriados
Dithmenos
Elyvilon
Fedhas
Gozag
Hepliaklqana
Kikubaaqudgha
Makhleb
Nemelex Xobeh
Okawaru
Qazlal
Ru
Sif Muna
Trog
Uskayaw
Vehumet
Wu Jian
Xom
Yredelemnul
Zin
The Shining One

Annotations:
D:5 Eustachio, Menkaure
D:6 2 transporters


Innate Abilities, Weirdness & Mutations

You are a creature of crystalline ice.
You have a powerful freezing melee attack.
Your maximum health is increased.
Your armour is entirely melded.
You are incapable of wielding weapons or throwing items.
You cannot wear most types of armour.
You are amphibious.
You can wear up to eight rings at the same time.
((Your skin changes colour to match your surroundings (Stealth+).))
((Your rubbery body absorbs attacks. (AC +1, EV +1)))
((You are camouflaged near water. (Stealth+)))
((You have tentacles for arms and can constrict up to eight enemies at once.))


Message History

The wight barely misses you. The wight hits you but does no damage.
The wight barely misses you.
There is an open door, spattered with blood here.
Items here: $ ( )) [.
You punch the wight!
The wight is almost destroyed.
The wight hits you with a +0 great sword.
You barely miss the wight.
The wight is almost destroyed.
The wight closely misses you.
The wight hits you with a +0 great sword!
You barely miss the wight.
The wight is almost destroyed.
The wight hits you with a +2 halberd!
* * * LOW HITPOINT WARNING * * *
You feel drained.
* * * LOW HITPOINT WARNING * * *
The wight barely misses you.
You punch the wight!
You feel a bit better.
You destroy the wight!
The wight closely misses you.
Unknown command.
You hit the wight but do no damage.
Your primal bloodlust is almost over.
The wight hits you with a +0 great sword.
* * * LOW HITPOINT WARNING * * *
You hit the wight.
The wight is moderately damaged.
Unknown command.
You punch the wight!
The wight is severely damaged.
The wight hits you with a +0 great sword!
* * * LOW HITPOINT WARNING * * *
Unknown command.
Okay, then.
You feel better.
Your primal bloodlust has ended.
The wight closely misses you.
The wight hits you with a +0 great sword!
You die...

#.###..##... ###########
#..# #...##
###.........##+##..#######..
#...........#............'..
#...........#............#..
#...........#####..####'##..
#......####))..##..###...#..
#......#..#.)..#.....#...#..
#......#..#Y...#.....#...#..
#......#..#z...#.....#...#..
#......#..#....#.....#...+..
#......##.#....#'#########
#########.####..........
#.....#..........
#.)..))..........
##'####.......... #.
##########.


You could see a wight.

Vanquished Creatures
  6 yaks (D:6)
  5 humans (D:6)
  A sky beast (D:6)
  An ice beast (D:6)
  2 orc warriors
  A black bear (D:6)
  4 centaurs
  A bullfrog (D:7)
  3 killer bees (D:6)
  10 wights
  A howler monkey (D:6)
  2 centaur zombies
  2 orc priests
  2 hounds
  2 jellies
  A centaur skeleton (D:7)
  3 iguanas
  5 orc wizards
  4 gnolls
  6 adders
  A shadow imp (D:6)
  A white imp (D:6)
  An ufetubus (D:4)
  An adder zombie (D:3)
  3 worms
  A dart slug (D:1)
  23 orcs
  7 ball pythons
  6 endoplasms
  3 giant cockroaches
  8 goblins
  8 hobgoblins
  3 jackals (D:2)
  2 quokkas (D:1)
  3 bats
  6 frilled lizards
  3 kobolds
  A quokka zombie (D:3)
  4 rats
147 creatures vanquished.

Notes
Turn   | Place    | Note
-------+----------+-------------------------------------------
     0 | D:1      | ytrimaz the Octopode Transmuter began the quest for the
                  | Orb.
     0 | D:1      | Reached XP level 1. HP: 13/13 MP: 3/3
   341 | D:1      | Reached XP level 2. HP: 18/18 MP: 5/5
   349 | D:1      | Found a faded altar of an unknown god.
   457 | D:1      | Learned a level 2 spell: Wereblood
  1327 | D:2      | Reached XP level 3. HP: 23/23 MP: 4/6
  1331 | D:2      | Learned a level 3 spell: Spider Form
  1482 | D:2      | Found an opulent altar of Gozag.
  2608 | D:3      | Reached XP level 4. HP: 25/28 MP: 6/8
  3940 | D:3      | Reached skill level 4 in Unarmed Combat
  3940 | D:3      | Reached XP level 5. HP: 28/34 MP: 6/9
  3953 | D:3      | Learned a level 4 spell: Ice Form
  4191 | D:3      | Found a basalt altar of Yredelemnul.
  5422 | D:5      | Entered Level 5 of the Dungeon
  5494 | D:5      | Reached XP level 6. HP: 17/39 MP: 3/10
  5867 | D:5      | Found a staircase to the Ecumenical Temple.
  5895 | Temple   | Entered the Ecumenical Temple
  6171 | Temple   | Became a worshipper of Ashenzari the Shackled
  6305 | D:5      | Reached skill level 1 in Poison Magic
  6565 | D:5      | Noticed Eustachio
  6579 | D:5      | Noticed Menkaure
  7535 | D:6      | Noticed a sky beast
  7548 | D:6      | Killed a sky beast
  7549 | D:6      | Reached XP level 7. HP: 34/45 MP: 9/13
  7553 | D:6      | Reached skill level 5 in Unarmed Combat
  7633 | D:6      | Noticed a yak
  7633 | D:6      | Noticed a yak
  7633 | D:6      | Noticed a yak
  7634 | D:6      | Noticed a yak
  7635 | D:6      | Noticed a yak
  7651 | D:6      | Killed a yak
  7695 | D:6      | Noticed a yak
  7705 | D:6      | Killed a yak
  8040 | D:6      | Reached XP level 8. HP: 50/52 MP: 10/15
  8093 | D:6      | Reached skill level 6 in Unarmed Combat
  8093 | D:6      | Reached skill level 5 in Spellcasting
  8109 | D:6      | HP: 2/54 [human (10)]
  8119 | D:6      | Reached skill level 5 in Transmutations
  8474 | D:6      | Found a transporter.
  8643 | D:6      | Reached XP level 9. HP: 28/58 MP: 15/17
  8907 | D:6      | Learned a level 5 spell: Blade Hands
  8910 | D:6      | Found a transporter.
  9067 | D:6      | Reached skill level 7 in Unarmed Combat
  9517 | D:6      | Reached skill level 1 in Ice Magic
  9789 | D:7      | Reached skill level 5 in Fighting
  9861 | D:6      | Reached skill level 8 in Unarmed Combat
 10992 | D:7      | Reached XP level 10. HP: 12/68 MP: 20/20
 12131 | D:8      | Reached * piety under Ashenzari
 12168 | D:8      | HP: 3/78 [wight (12)]
 12175 | D:8      | Slain by a wight

Illustrated notes

Levels and vault maps discovered:
D:1:      dpeg_arrival_orchard, layout_rooms,
          shapermc_ecumenical_altar_starsandcircs
D:2:      minmay_alternating_diamond, layout_basic, basic_altar,
          minmay_misc_feat_rugged
D:3:      kennysheep_the_goblin_king, layout_loops_corners,
          lemuel_zombie_altar_yredelemnul
D:4:      layout_loops_ring, minmay_strange_pillars, kennysheep_boxes
D:5:      layout_basic, temple_fountains, kennysheep_cross_bottleneck,
          uniq_eustachio, uniq_menkaure
D:6:      gammafunk_steamed_eel, layout_loops_ring, amethyst_killhole,
          minmay_ruffians
D:7:      layout_rooms, minivault_22
D:8:      layout_gridville, biasface_ghost_orc_armoury, grunt_decor_clamped,
          nicolae_water_bricks
Temple:   mainiacjoe_temple_archimedes_tessellation

Skill      XL: |  1  2  3  4  5  6  7  8  9 |
---------------+----------------------------+-----
Unarmed Combat | 4 5 6 8 |  8.5
Spellcasting   | 3 4 5 6 |  6.9
Transmutations | 3 4 5 6 |  6.6
Fighting       | 2 3 4 5 |  5.5
Poison Magic   | 1 3 |  3.1
Ice Magic      | 2 |  2.3
Dodging        | |  2.0

Action                   |  1- 3 |  4- 6 |  7- 9 | 10-12 || total
-------------------------+-------+-------+-------+-------++-------
Melee: Unarmed           |    79 |   115 |   189 |    40 ||   423
       Constrict         |    15 |    14 |       |       ||    29
       Kick              |    15 |     9 |       |     3 ||    27
       Tentacles         |    14 |     9 |       |     1 ||    24
       Punch             |     1 |     1 |       |       ||     2
 Cast: Beastly Appendage |    21 |    13 |     4 |     1 ||    39
       Spider Form       |     1 |    15 |     7 |       ||    23
       Wereblood         |       |     1 |     4 |     2 ||     7
       Ice Form          |       |       |    16 |     3 ||    19
Invok: Curse Item        |       |       |     1 |     1 ||     2
  Use: Scroll            |     5 |     5 |     7 |       ||    17
       Potion            |       |     1 |     2 |     1 ||     4
 Stab: Sleeping          |     6 |     6 |       |       ||    12
Armor: Skin              |     9 |     7 |    46 |    13 ||    75
Dodge: Dodged            |    41 |    71 |   115 |    26 ||   253

Table legend: (Time is in decaauts)
 A = Elapsed time spent in this place.
 B = Non-inter-level travel time spent in this place.
 C = Inter-level travel time spent in this place.
 D = Time resting spent in this place.
 E = Time spent auto-exploring this place.
 F = Levels seen in this place.
 G = Mean time per level.
                   A        B        C        D        E       F      G
               +--------+--------+--------+--------+--------+-----+--------+
         Total |  12146 |  11751 |    395 |   2451 |   7707 |   9 | 1349.6 |
       Dungeon |  11850 |  11514 |    336 |   2451 |   7491 |   8 | 1481.2 |
        Temple |    296 |    237 |     59 |      0 |    216 |   1 |  296.0 |
               +--------+--------+--------+--------+--------+-----+--------+

Top non-repeatable levels by time:
     D:6: 2482 daAuts
     D:5: 2111 daAuts
     D:3: 1832 daAuts
     D:2: 1677 daAuts
     D:7: 1225 daAuts
     D:4: 989 daAuts
     D:1: 910 daAuts
     D:8: 620 daAuts
  Temple: 296 daAuts
